 Dungeon Crawl Stone Soup version 0.18.1-48-g4cf74bf (webtiles) character file.

156391 Inkary the Tortoise (level 17, -11/160 HPs)
             Began as a Minotaur Fighter on Aug 24, 2016.
             Was an Elder of the Shining One.
             Killed by Shatter
             ... invoked by Jorgrun
              (68 damage)
             ... on level 4 of the Snake Pit.
             The game lasted 02:35:06 (26893 turns).

Inkary the Tortoise (Minotaur Fighter)             Turns: 26893, Time: 02:35:07

Health: -11/160    AC: 31    Str: 20    XL:     17   Next: 10%
Magic:  22/22      EV:  4    Int:  5    God:    the Shining One [****..]
Gold:   1977       SH:  0    Dex: 20    Spells: 2 memorised, 14 levels left

rFire  + . .     SeeInvis .     D - +6 flail
rCold  + + .     Gourm    .     c - +4 plate armour {rPois}
rNeg   + + +     Faith    .     s - +0 large shield
rPois  ∞         Spirit   .     Y - +1 hat {rC+}
rElec  .         Dismiss  +     H - +2 cloak {rF+}
rCorr  .         Reflect  .     X - +2 pair of gloves {rC+}
SustAt .         Harm     .     (no boots)
MR     +....     Rnd*Tele +     u - amulet of dismissal
Stlth  ..........               Q - +4 ring of dexterity
                                G - +1 ring of evasion

@: petrified, glowing, somewhat resistant to hostile enchantments, extremely
unstealthy
A: retaliatory headbutt, horns 2, repulsion field 1, molten scales 1, blink,
regeneration 1, teleportitis 1, weak 1, sturdy frame 1
a: Blink, Divine Shield, Cleansing Flame, Renounce Religion


You were on level 4 of the Snake Pit.
You worshipped the Shining One.
The Shining One was greatly pleased with you.
You were not hungry.

You visited 5 branches of the dungeon, and saw 27 of its levels.
You also visited: Ice Cave and Volcano.

You collected 2794 gold pieces.
You spent 817 gold pieces at shops.

Inventory:

Hand Weapons
 D - a +6 flail (weapon)
Missiles
 r - a throwing net (quivered)
Armour
 c - a +4 plate armour of poison resistance (worn)
 d - the +27 Lear's hauberk
   (You found it on level 1 of the Snake Pit)
 o - a +3 ring mail of magic resistance
 s - a +0 large shield (worn)
 H - a +2 cloak of fire resistance (worn)
 X - a +2 pair of gloves of cold resistance (worn)
 Y - a +1 hat of cold resistance (worn)
Jewellery
 j - an uncursed ring of resist corrosion
 u - an amulet of dismissal (around neck)
 y - an uncursed ring of sustain attributes
 G - a +1 ring of evasion (left hand)
 Q - a +4 ring of dexterity (right hand)
 R - an uncursed ring of protection from fire
 T - an uncursed ring of see invisible
Wands
 p - a wand of paralysis (7/24)
 A - a wand of digging (12/24)
 S - a wand of hasting (9/9)
 V - a wand of heal wounds (7/9)
 W - a wand of digging (2/24)
Scrolls
 b - 2 scrolls of magic mapping
 m - 5 scrolls of remove curse
 t - 5 scrolls of teleportation
 v - a scroll of summoning
 w - a scroll of identify
 x - a scroll of silence {unknown}
 C - a scroll of enchant armour
 E - 3 scrolls of fear
 K - 3 scrolls of fog
 N - a scroll of holy word
 Z - 2 scrolls of blinking
Potions
 a - a potion of cancellation
 i - 3 potions of ambrosia
 k - 3 potions of curing
 l - 2 potions of lignification
 B - 2 potions of agility
 F - 2 potions of resistance
 J - a potion of cure mutation
 M - a potion of berserk rage
 O - a potion of beneficial mutation
 P - 3 potions of flight
Miscellaneous
 e - a legendary deck of summoning
 g - a plain deck of changes {drawn: 2}
 I - a sack of spiders {used: 1}
 L - a box of beasts
Comestibles
 f - 15 bread rations
 h - 2 slices of pizza
 n - 9 meat rations
 q - 3 beef jerkies
 U - 10 royal jellies


   Skills:
 + Level 16.8 Fighting
 + Level 16.5 Maces & Flails
 - Level 4.4 Throwing
 + Level 16.8 Armour
 - Level 7.5 Dodging
 * Level 15.1 Shields
 - Level 3.0 Spellcasting
 - Level 5.4 Poison Magic
 - Level 9.0 Invocations


You had 14 spell levels left.
You knew the following spells:

 Your Spells              Type           Power        Failure   Level  Hunger
a - Cure Poison           Pois           #.........   97%         2    ###....
b - Statue Form           Trmt/Erth      #........    100%        6    #######


Dungeon Overview and Level Annotations

Branches:
Dungeon (12/15)            Temple (1/1) D:4            Lair (8/8) D:9
  Swamp (0/4) Lair:3        Snake (4/4) Lair:3        Slime (0/6) Lair:7
    Orc (2/2) D:9             Elf (0/3) Orc:2

Altars:
Ashenzari
Cheibriados
Dithmenos
Elyvilon
Fedhas
Gozag
Kikubaaqudgha
Makhleb
Nemelex Xobeh
Okawaru
Pakellas
Qazlal
Ru
Sif Muna
Trog
Vehumet
Xom
Yredelemnul
Zin
The Shining One
Beogh
Jiyva

Shops:
D:12 (   Orc:2 [?(?

Annotations:
Snake:4 Jorgrun


Innate Abilities, Weirdness & Mutations

You reflexively headbutt those who attack you in melee.
You have a pair of horns on your head.
You are surrounded by a mild repulsion field (EV +2).
You are partially covered in molten scales (AC +1).
You can translocate small distances at will.
Your natural rate of healing is unusually fast.
You are occasionally teleported next to monsters.
You are weak. (Str -2)
Your movements are slightly less encumbered by armour (ER -2).


Message History

You sock the naga warrior! You headbutt the naga warrior!
The naga warrior is almost dead.
The shock serpent completely misses you.
Your limbs are stiffening.
You thump the naga warrior!
You kill the naga warrior!
Jorgrun points next to you and mumbles some strange words.
Some rock shatters into small pieces.
The shock serpent barely misses you. You furiously retaliate!
You headbutt the shock serpent.
The shock serpent's electric aura discharges, shocking you!
You have turned to stone.
The shock serpent bites you! The shock serpent shocks you!
The shock serpent closely misses you.
Jorgrun hits you with a quarterstaff of crushing.
The shock serpent bites you but does no damage.
The shock serpent bites you but does no damage.
Jorgrun mumbles some strange words.
The dungeon rumbles around Jorgrun!
You shudder from the earth-shattering force.
You die...

#......... ......#
#......# .# ##...##
#......# .# .##..#
#......# ..# ..#..#
#......##..+ ..'..#
#.....#...### .##..+
#.[.......... ##..!#
##....S)...... .....####
#.....@g#
........###.......#######
.........................
.<................)......
.........................
..##......#...###.......#
.#####...##.### #########
## #######


You could see Jorgrun and a shock serpent.

Vanquished Creatures
  Norris (Snake:4)
  Gastronok (Orc:1)
  Roxanne (Snake:2)
  A greater naga (Snake:2)
  Kirke (Snake:1)
  2 azure jellies (Lair:7)
  Donald (Snake:3)
  Louise (Snake:3)
  2 stone giants
  A deep elf death mage (Orc:2)
  An ettin (Orc:2)
  Fannar (Orc:1)
  9 hydras
  10 naga warriors
  10 anacondas
  An ogre mage (Orc:2)
  8 death yaks
  2 orc high priests
  6 naga sharpshooters
  2 shock serpents
  A salamander mystic (Snake:4)
  2 deep trolls (Orc:2)
  3 sea snakes (Snake:2)
  2 unseen horrors
  5 naga ritualists
  A phantasmal warrior (D:12)
  A necromancer (Lair:2)
  3 hill giants
  4 orc knights
  7 mana vipers
  A griffon (Lair:6)
  7 salamanders
  5 cyclopes
  2 manticores
  5 orc sorcerers
  Maurice (D:11)
  29 black mambas
  9 naga magi
  10 elephants
  3 guardian serpents
  An ice statue (IceCv)
  A torpor snail (Lair:8)
  20 spiny frogs
  2 gargoyles
  A molten gargoyle (Volcano)
  4 rime drakes
  8 ice devils (IceCv)
  4 komodo dragons
  5 giant leeches (Lair:8)
  A queen bee (Lair:5)
  10 trolls
  3 polar bears
  7 two-headed ogres
  40 blink frogs
  Grinder (D:6)
  2 spriggans (Lair:3)
  7 wraiths
  61 yaks
  2 basilisks
  2 fire bats (Volcano)
  A hog (Snake:1)
  3 vampires (D:12)
  12 hippogriffs
  8 vampire mosquitoes
  2 hungry ghosts (D:12)
  5 wargs
  27 nagas
  A mottled dragon (D:9)
  17 water moccasins
  2 hell hounds (Lair:8)
  11 porcupines
  25 orc warriors
  2 phantoms
  3 ice beasts
  A black bear (Lair:3)
  5 sky beasts
  10 centaurs
  18 wolves
  A necrophage (D:9)
  23 ogres
  14 crocodiles
  A big kobold (D:7)
  30 giant frogs
  A wyvern skeleton (D:12)
  A wyvern zombie (D:12)
  4 scorpions
  30 killer bees
  8 electric eels
  25 wights
  2 howler monkeys
  3 crimson imps
  A centaur zombie (D:7)
  4 giant frog zombies
  2 lava snakes
  3 jellies
  21 orc priests
  9 hounds
  23 orc wizards
  2 centaur skeletons
  4 giant frog skeletons
  Jessica (D:2)
  8 iguanas
  Terence (D:2)
  11 worker ants
  2 polar bear simulacra (Lair:2)
  5 sheep (Lair:7)
  2 yak simulacra (Lair:2)
  5 wolf simulacra (Lair:2)
  A hound skeleton (D:8)
  A howler monkey zombie (D:11)
  2 worker ant zombies
  4 gnolls
  13 adders
  38 river rats
  5 shadow imps
  19 white imps
  An ufetubus (IceCv)
  5 worms
  3 dart slugs
  7 giant geckos
  77 orcs
  A ball python (D:3)
  5 bats
  8 giant cockroaches
  5 goblins
  6 hobgoblins
  11 jackals
  6 quokkas
  A giant gecko skeleton (D:9)
  8 giant newts
  14 kobolds
  8 rats
  2 river rat simulacra (Lair:2)
996 creatures vanquished.

Vanquished Creatures (collateral kills)
  Agnes (Snake:1)
  Aizul (Snake:1)
  An ettin (D:12)
  2 naga warriors (Snake:2)
  A hydra (D:12)
  2 anacondas (Snake:2)
  A shock serpent (Snake:2)
  A hill giant (D:12)
  A naga ritualist (Snake:2)
  A salamander (Snake:2)
  An ice statue (IceCv)
  2 black mambas (Snake:2)
  3 two-headed ogres (Orc:2)
  A boulder beetle (Lair:8)
  A wraith (D:12)
  3 nagas (Snake:2)
  An orc warrior (D:12)
  2 ogres (Orc:2)
  A crocodile (shapeshifter) (D:12)
  3 white imps (IceCv)
  2 ufetubi (IceCv)
32 creatures vanquished.

Vanquished Creatures (others)
  Josephine (Lair:5)
  An ogre mage (Orc:2)
  A human (Snake:1)
  An ogre (Orc:2)
  A white imp (IceCv)
  3 ufetubi (IceCv)
  A bush (Lair:8)
  13 fungi
  26 plants
48 creatures vanquished.

Grand Total: 1076 creatures vanquished

Notes
Turn   | Place    | Note
--------------------------------------------------------------
     0 | D:1      | Inkary the Minotaur Fighter began the quest for the Orb.
     0 | D:1      | Reached XP level 1. HP: 19/19 MP: 0/0
    70 | D:1      | Reached XP level 2. HP: 27/27 MP: 1/1
   625 | D:2      | Found a deep blue altar of Sif Muna.
   636 | D:2      | Reached XP level 3. HP: 20/33 MP: 2/2
   818 | D:2      | Noticed Terence
   830 | D:2      | Killed Terence
   830 | D:2      | Reached XP level 4. HP: 33/41 MP: 3/3
  1064 | D:2      | Noticed Jessica
  1073 | D:2      | Killed Jessica
  1379 | D:2      | Reached XP level 5. HP: 47/47 MP: 4/4
  1593 | D:3      | Reached skill level 5 in Shields
  1688 | D:3      | Found a sacrificial altar of Ru.
  1691 | D:3      | Found a glowing golden altar of the Shining One.
  1693 | D:3      | Found a shadowy altar of Dithmenos.
  1703 | D:3      | Became a worshipper of the Shining One
  2037 | D:3      | Reached skill level 5 in Fighting
  2037 | D:3      | Reached XP level 6. HP: 56/56 MP: 5/5
  2290 | D:3      | Found a white marble altar of Elyvilon.
  2558 | D:4      | Found a roughly hewn altar of Beogh.
  2570 | D:4      | HP: 1/56 [orc priest/divine providence (12)]
  2574 | D:4      | Reached skill level 5 in Armour
  2577 | D:4      | HP: 2/84 [orc wizard/dagger (1)]
  2704 | D:4      | Found a staircase to the Ecumenical Temple.
  2714 | D:4      | Reached skill level 5 in Maces & Flails
  2724 | Temple   | Entered the Ecumenical Temple
  3057 | D:4      | Found an opulent altar of Gozag.
  3107 | D:4      | Found a stormy altar of Qazlal.
  3114 | D:4      | Reached XP level 7. HP: 54/61 MP: 6/6
  3465 | D:5      | Entered Level 5 of the Dungeon
  3579 | D:5      | Found a shattered altar of Ashenzari.
  3816 | D:5      | Reached * piety under the Shining One
  3918 | D:5      | Found a shimmering altar of Xom.
  4217 | D:6      | Reached skill level 1 in Invocations
  4250 | D:6      | Reached XP level 8. HP: 71/71 MP: 7/7
  4445 | D:6      | Noticed Grinder
  4459 | D:6      | Killed Grinder
  4805 | D:6      | Found an ancient bone altar of Kikubaaqudgha.
  5227 | D:7      | Found a snail-covered altar of Cheibriados.
  5454 | D:7      | Reached ** piety under the Shining One
  5515 | D:7      | Reached XP level 9. HP: 79/79 MP: 10/10
  5691 | D:7      | You fall through a shaft!
  5930 | D:8      | Found an iron altar of Okawaru.
  6169 | D:8      | Gained mutation: Your mind is acute. (Int +2) [mutagenic meat]
  6171 | D:8      | Lost mutation: Your mind is acute. (Int +2) [mutagenic meat]
  6172 | D:8      | Gained mutation: Your spells are a little easier to cast, but a little less powerful. [mutagenic meat]
  6173 | D:8      | Gained mutation: You expend magic power (3 MP) to strengthen your wands. [mutagenic meat]
  6174 | D:8      | Gained mutation: You are occasionally teleported next to monsters. [mutagenic meat]
  6175 | D:8      | Gained mutation: You have sharp toenails. [mutagenic meat]
  6176 | D:8      | Lost mutation: Your spells are a little easier to cast, but a little less powerful. [potion of cure mutation]
  6176 | D:8      | Lost mutation: You have sharp toenails. [potion of cure mutation]
  6176 | D:8      | Lost mutation: You expend magic power (3 MP) to strengthen your wands. [potion of cure mutation]
  6526 | D:9      | Found a staircase to the Orcish Mines.
  6602 | D:9      | Got a pitted ring mail
  6618 | D:9      | Identified the +4 ring mail of Aniogia {rC+ MR- Slay+4} (You found it on level 9 of the Dungeon)
  6632 | D:9      | Found a staircase to the Lair.
  6800 | D:9      | Found an oddly glowing altar of Pakellas.
  6921 | D:9      | Gained mutation: You are partially covered in molten scales (AC +1). [mutagenic meat]
  6922 | D:9      | Gained mutation: Your natural rate of healing is unusually fast. [mutagenic meat]
  6923 | D:9      | Gained mutation: You are surrounded by a mild repulsion field (EV +2). [mutagenic meat]
  6924 | D:9      | Gained mutation: You have large cloven feet. [mutagenic meat]
  6926 | D:9      | Gained mutation: Your movements are slightly less encumbered by armour (ER -2). [mutagenic meat]
  6937 | D:9      | Found a sparkling altar of Nemelex Xobeh.
  7278 | D:10     | Entered Level 10 of the Dungeon
  7289 | D:10     | Reached *** piety under the Shining One
  7304 | D:10     | Reached XP level 10. HP: 88/90 MP: 12/12
  7697 | D:10     | Noticed a hill giant
  7706 | D:10     | Killed a hill giant
  7706 | D:10     | Reached skill level 5 in Invocations
  7863 | D:11     | Noticed a cyclops
  7879 | D:11     | Killed a cyclops
  7939 | D:11     | Noticed a manticore
  7949 | D:11     | Killed a manticore
  7949 | D:11     | Reached skill level 10 in Armour
  7949 | D:11     | Reached skill level 10 in Shields
  8001 | D:11     | Reached **** piety under the Shining One
  8053 | D:11     | Noticed an unseen horror
  8064 | D:11     | Killed an unseen horror
  8252 | D:11     | Noticed a hill giant
  8283 | D:11     | Reached XP level 11. HP: 67/99 MP: 14/14
  8314 | D:11     | Reached skill level 10 in Maces & Flails
  8595 | D:11     | Noticed Maurice
  8604 | D:11     | Killed Maurice
  8604 | D:11     | Reached skill level 10 in Fighting
  8753 | D:12     | Reached ***** piety under the Shining One
  8827 | D:12     | Found a runed gate.
  8827 | D:12     | Found a runed gate.
  8827 | D:12     | Found a runed gate.
  8828 | D:12     | Noticed an unseen horror
  8829 | D:12     | Noticed a stone giant
  8830 | D:12     | Noticed a phantasmal warrior
  8832 | D:12     | Noticed an ettin
  8838 | D:12     | Noticed an anubis guard
  8838 | D:12     | a moth of wrath changed into an anubis guard
  8839 | D:12     | an anubis guard changed into a redback
  8847 | D:12     | Noticed a deep troll
  8847 | D:12     | a redback changed into a deep troll
  8849 | D:12     | a deep troll changed into an eye of devastation
  8850 | D:12     | Noticed a glowing shapeshifter
  8850 | D:12     | an eye of devastation changed into a glowing shapeshifter
  8851 | D:12     | a glowing shapeshifter changed into a boulder beetle
  8857 | D:12     | Killed an unseen horror
  8864 | D:12     | Noticed a hill giant
  9163 | D:12     | Killed a stone giant
  9163 | D:12     | HP: 4/101 [lava snake/glob of lava (15)]
  9268 | D:12     | Found a runed gate.
  9268 | D:12     | Found a runed gate.
  9268 | D:12     | Found a runed gate.
  9306 | D:12     | Killed a hill giant
  9320 | D:12     | Killed an ettin
  9320 | D:12     | Reached XP level 12. HP: 96/110 MP: 9/16
  9330 | D:12     | Noticed a five-headed hydra
  9335 | D:12     | Killed a five-headed hydra
  9600 | D:12     | Found Ajivif's Weapon Shop.
 10042 | Lair:1   | Entered Level 1 of the Lair of Beasts
 11344 | Lair:2   | Reached ****** piety under the Shining One
 11705 | Lair:3   | Noticed a six-headed hydra
 11770 | Lair:3   | Noticed a four-headed hydra
 11782 | Lair:3   | Killed a four-headed hydra
 11783 | Lair:3   | Noticed a seven-headed hydra
 11860 | Lair:3   | Killed a seven-headed hydra
 11860 | Lair:3   | Reached XP level 13. HP: 77/118 MP: 14/18
 12017 | Lair:3   | Found a staircase to the Swamp.
 12164 | Lair:3   | Found a staircase to the Snake Pit.
 12407 | Lair:3   | Reached skill level 1 in Dodging
 13575 | Lair:5   | Noticed Josephine
 13587 | Lair:5   | Killed Josephine
 14230 | Lair:6   | Got a crude chain mail
 14246 | Lair:6   | Identified the +13 chain mail of Vebim {rCorr} (You found it on level 6 of the Lair of Beasts)
 14468 | Lair:6   | Reached skill level 1 in Throwing
 14711 | Lair:6   | Reached skill level 5 in Dodging
 14863 | Lair:6   | Reached XP level 14. HP: 87/129 MP: 19/19
 15005 | Lair:7   | Got a slimy ring mail
 15120 | Lair:7   | Found a frozen archway.
 15243 | IceCv    | Entered an ice cave
 15388 | IceCv    | Identified the +3 ring mail "Wuusu" {rElec rPois Int+6} (You found it on level 7 of the Lair of Beasts)
 16387 | Lair:7   | Found a runed door.
 16394 | Lair:7   | Noticed an azure jelly
 16397 | Lair:7   | Noticed an azure jelly
 16400 | Lair:7   | Found a viscous altar of Jiyva.
 16400 | Lair:7   | Found a staircase to the Slime Pits.
 16414 | Lair:7   | Killed an azure jelly
 16424 | Lair:7   | Killed an azure jelly
 16639 | Lair:8   | Entered Level 8 of the Lair of Beasts
 16712 | Lair:8   | Gained mutation: You are weak. (Str -2) [potion of mutation]
 16712 | Lair:8   | Gained mutation: You have hoof-like feet. [potion of mutation]
 16844 | Lair:8   | Found a dark tunnel.
 16901 | Volcano  | Entered a volcano
 16966 | Volcano  | Found a radiant altar of Vehumet.
 17981 | Lair:8   | Learned a level 2 spell: Cure Poison
 18035 | Lair:8   | Reached XP level 15. HP: 68/138 MP: 17/20
 18060 | Lair:8   | Reached skill level 1 in Spellcasting
 18060 | Lair:8   | Reached skill level 1 in Poison Magic
 19233 | Orc:1    | Entered Level 1 of the Orcish Mines
 19378 | Orc:1    | Noticed Fannar
 19413 | Orc:1    | Killed Fannar
 19623 | Orc:2    | Entered Level 2 of the Orcish Mines
 19702 | Orc:2    | Found a staircase to the Elven Halls.
 19825 | Orc:2    | Reached skill level 15 in Armour
 19890 | Orc:2    | Found Awiosevo's Armour Shoppe.
 19951 | Orc:2    | Found Cuyppoust's Magic Scroll Shoppe.
 19955 | Orc:2    | Found Cytwub's Weapon Shop.
 20079 | Orc:2    | Found Ciulic's Magic Scroll Emporium.
 20103 | Orc:1    | Noticed Gastronok
 20677 | Orc:1    | Killed Gastronok
 20749 | Orc:2    | Bought a scroll of teleportation for 48 gold pieces
 20749 | Orc:2    | Bought a scroll of identify for 32 gold pieces
 20749 | Orc:2    | Bought a scroll of identify for 32 gold pieces
 20749 | Orc:2    | Bought a scroll of blinking for 120 gold pieces
 20765 | Orc:2    | Bought a scroll of identify for 32 gold pieces
 20812 | Orc:2    | Bought a scroll of enchant weapon for 105 gold pieces
 20812 | Orc:2    | Bought a scroll of summoning for 133 gold pieces
 20812 | Orc:2    | Bought a scroll of fear for 49 gold pieces
 20812 | Orc:2    | Bought a scroll of identify for 28 gold pieces
 20813 | Orc:2    | Bought a scroll of enchant armour for 105 gold pieces
 20813 | Orc:2    | Bought a scroll of identify for 28 gold pieces
 20813 | Orc:2    | Bought a scroll of enchant armour for 105 gold pieces
 21032 | Orc:2    | Reached skill level 15 in Fighting
 21043 | Orc:2    | Identified a scroll of acquirement
 21096 | Orc:2    | Found a runed door.
 21440 | Orc:2    | Found a roughly hewn altar of Beogh.
 21729 | Snake:1  | Entered Level 1 of the Snake Pit
 21729 | Snake:1  | Noticed Aizul
 21963 | Snake:1  | Noticed Kirke
 22045 | Snake:1  | Killed Kirke
 22045 | Snake:1  | Reached skill level 15 in Maces & Flails
 22085 | Snake:1  | Killed Aizul
 22093 | Snake:1  | Gained mutation: You can translocate small distances at will. [mutagenic meat]
 22094 | Snake:1  | Lost mutation: You have hoof-like feet. [mutagenic meat]
 22116 | Snake:1  | Noticed Agnes
 22126 | Snake:1  | Killed Agnes
 22977 | Snake:1  | Reached XP level 16. HP: 140/149 MP: 21/21
 23239 | Snake:2  | Noticed Roxanne
 23301 | Snake:2  | Killed Roxanne
 23303 | Snake:2  | Identified Roxanne's Guide on the Rocks (You took it off Roxanne on level 2 of the Snake Pit)
 23324 | Snake:2  | Learned a level 6 spell: Statue Form
 24917 | Snake:3  | Reached skill level 5 in Poison Magic
 25143 | Snake:3  | Lost mutation: You have large cloven feet. [mutagenic meat]
 25553 | Snake:4  | Entered Level 4 of the Snake Pit
 25608 | Snake:4  | Noticed Louise
 25609 | Snake:4  | Noticed Donald
 25785 | Snake:3  | Killed Louise
 25850 | Snake:3  | Killed Donald
 26489 | Snake:4  | Noticed Norris
 26489 | Snake:4  | Paralysed by Norris for 5 turns
 26528 | Snake:4  | Killed Norris
 26528 | Snake:4  | Reached skill level 15 in Shields
 26528 | Snake:4  | Reached XP level 17. HP: 33/160 MP: 20/22
 26869 | Snake:4  | Noticed Jorgrun
 26893 | Snake:4  | Killed from afar by Jorgrun

Skill      XL: |  1  2  3  4  5  6  7  8  9 10 11 12 13 14 15 16 |
---------------+-------------------------------------------------+-----
Fighting       | 4 5 6 7 8 9 11 12 13 14 15 16 | 16.8
Shields        | 4 5 6 8 9 10 11 12 13 14 15 | 15.1
Armour         | 4 5 6 7 9 10 11 12 13 14 15 16 | 16.8
Maces & Flails | 3 4 5 6 7 8 9 11 12 13 14 15 16 | 16.5
Invocations    | 1 2 4 5 7 8 9 |  9.0
Dodging        | 5 7 |  7.5
Throwing       | 2 4 |  4.4
Spellcasting   | 3 |  3.0
Poison Magic   | 3 5 |  5.4

Action                   |  1- 3 |  4- 6 |  7- 9 | 10-12 | 13-15 | 16-18 || total
-------------------------+-------+-------+-------+-------+-------+-------++-------
Melee: Flail             |    82 |    64 |       |   554 |  2001 |   741 ||  3442
       Headbutt          |     9 |    36 |    84 |   169 |   573 |   222 ||  1093
       Mace              |       |    97 |   408 |   143 |       |       ||   648
       Kick              |       |       |       |       |   787 |   196 ||   983
       Unarmed           |       |       |       |       |    20 |       ||    20
Invok: Divine Shield     |       |       |       |     4 |    28 |    10 ||    42
       Cleansing Flame   |       |       |       |     2 |     8 |       ||    10
       Summon Divine War |       |       |       |     1 |     6 |     3 ||    10
Evoke: Deck              |       |       |       |     1 |       |     1 ||     2
       Wand              |       |       |       |       |     1 |    10 ||    11
       Sack of spiders   |       |       |       |       |     1 |       ||     1
  Use: Potion            |       |     3 |     1 |     2 |     6 |    12 ||    24
       Scroll            |       |       |    15 |     4 |    36 |     6 ||    61
  Eat: Chunk             |       |     8 |    20 |    13 |    39 |     7 ||    87
       Meat ration       |       |       |     1 |       |     1 |       ||     2
       Beef jerky        |       |       |       |     3 |       |       ||     3
       Royal jelly       |       |       |       |     1 |     1 |     5 ||     7
       Pizza             |       |       |       |       |       |     1 ||     1
Armor: Scale mail        |    36 |    60 |   126 |       |       |       ||   222
       Ring mail         |       |       |    38 |   164 |   215 |    61 ||   478
       Chain mail        |       |       |       |       |   268 |    15 ||   283
       Crystal plate arm |       |       |       |       |   163 |       ||   163
       Skin              |       |       |       |       |     1 |     9 ||    10
       Plate armour      |       |       |       |       |       |    53 ||    53
Dodge: Dodged            |    32 |    31 |   132 |   276 |   893 |   254 ||  1618
Block: Shield            |    52 |    83 |   229 |   420 |  1696 |   387 ||  2867
       Large shield      |       |       |       |       |       |   233 ||   233
